 Dungeon Crawl Stone Soup version 0.28.0-53-g5a82cb258f (webtiles) character file.

Game seed: 15105485882214536230

90 firemarshallily the Prestidigitator (level 4, -5/32 HPs)
             Began as a Gnoll Wanderer on July 28, 2022.
             Was a Follower of Dithmenos.
             Slain by a gnoll
             ... wielding a +0 club
              (8 damage)
             ... on level 3 of the Dungeon.
             The game lasted 00:06:25 (2587 turns).

firemarshallily the Prestidigitator (GnWn)          Turns: 2587, Time: 00:06:25

Health: -5/32      AC:  2    Str: 12    XL:     4   Next: 56%
Magic:  8/8        EV: 11    Int: 11    God:    Dithmenos [*.....]
Gold:   154        SH:  5    Dex: 13    Spells: 9/9 levels left

rFire   + . .      SeeInvis .   f - +1 rapier (speed)
rCold   + . .      Faith    .   c - +0 buckler
rNeg    . . .      Spirit   .   d - +0 robe
rPois   +          Reflect  .   (no helmet)
rElec   +          Harm     .   (no cloak)
rCorr   +          Rampage  .   (no gloves)
Will    .....                   (no boots)
Stlth   ++........              (no amulet)
HPRegen 0.10/turn               (no ring)
MPRegen 0.11/turn               (no ring)

@: brilliant, resistant, wreathed by umbra
A: fangs 1, strong nose, distributed training
a: Renounce Religion


You were on level 3 of the Dungeon.
You worshipped Dithmenos.
Dithmenos was aware of your devotion.
You visited 1 branch of the dungeon, and saw 3 of its levels.

You collected 154 gold pieces.

Inventory:

Hand Weapons
 f - a +1 rapier of speed (weapon)
Missiles
 e - 45 stones
 h - 8 poisoned darts
Armour
 c - a +0 buckler (worn)
 d - a +0 robe (worn)
Wands
 b - a wand of charming (9) (quivered)
Scrolls
 g - 2 scrolls of immolation {unknown}
 j - a scroll of teleportation {unknown}
 k - a scroll of fear {unknown}


   Skills:
 + Level 1.2 Fighting
 + Level 2.8 Short Blades
 + Level 1.2 Long Blades
 + Level 1.2 Axes
 + Level 1.2 Maces & Flails
 + Level 1.2 Polearms
 + Level 1.2 Staves
 + Level 1.2 Slings
 + Level 1.2 Bows
 + Level 1.2 Crossbows
 + Level 1.2 Throwing
 + Level 2.8 Armour
 + Level 1.2 Dodging
 + Level 1.2 Stealth
 + Level 4.6 Shields
 + Level 1.2 Unarmed Combat
 + Level 3.0 Spellcasting
 + Level 1.0 Conjurations
 + Level 1.0 Hexes
 + Level 1.0 Summonings
 + Level 1.0 Necromancy
 + Level 1.0 Translocations
 + Level 1.0 Transmutations
 + Level 1.0 Fire Magic
 + Level 1.0 Ice Magic
 + Level 1.0 Air Magic
 + Level 1.0 Earth Magic
 + Level 1.0 Poison Magic
 + Level 1.3 Invocations
 + Level 10.5 Evocations


You had 9 spell levels left.
You didn't know any spells.
Your spell library contained the following spells:

 Spells                   Type           Power      Damage    Failure   Level
 Animate Skeleton         Necr           10%        N/A       22%         1
 Pain                     Necr           20%        1d5       22%         1
 Vampiric Draining        Necr           5%         2d6       54%         3


Dungeon Overview and Level Annotations

Branches:
Dungeon (3/15)

Altars:
Dithmenos


Innate Abilities, Weirdness & Mutations

You have very sharp teeth.
Your uncanny sense of smell can sniff out nearby items.
Your experience applies equally to all skills.


Message History

Your Translocations skill increases to level 1!
Your Transmutations skill increases to level 1!
Your Fire Magic skill increases to level 1!
Your Ice Magic skill increases to level 1!
Your Air Magic skill increases to level 1!
Your Earth Magic skill increases to level 1!
Your Poison Magic skill increases to level 1!
Unknown command.
Throw: 9 darts (poison)
Press: ? - help, Shift-Dir - straight line, f - gnoll
Aim: a gnoll, wielding a +0 club (60% to hit)
You throw a poisoned dart.
The poisoned dart barely misses the gnoll.
You hit the gnoll but do no damage. You block the gnoll's attack.
You closely miss the gnoll. The gnoll hits you with a +0 club!
You hit the gnoll but do no damage. You puncture the gnoll!
You bite the gnoll, but do no damage.
The gnoll is heavily wounded.
The gnoll hits you with a +0 club.
You closely miss the gnoll.
The gnoll is heavily wounded.
The gnoll hits you with a +0 club.
* * * LOW HITPOINT WARNING * * *
You closely miss the gnoll. You bite the gnoll, but do no damage.
The gnoll is heavily wounded.
The gnoll closely misses you.
You barely miss the gnoll.
The gnoll is heavily wounded.
You closely miss the gnoll. You bite the gnoll, but do no damage.
The gnoll is heavily wounded.
The gnoll hits you with a +0 club.
* * * LOW HITPOINT WARNING * * *
It was a potion of resistance.
You feel protected. The gnoll hits you with a +0 club.
* * * LOW HITPOINT WARNING * * *
It was a potion of brilliance.
You feel clever all of a sudden. The gnoll hits you with a +0 club!
You die...

#########
....#....
#.#....#
#.#.#.### ###
#........
#...####.).#
.........
#....@g..(##
........
#######....#
....... #.#..#
...... #.#..###
#.....
#.##...####.....
..##............
.#######.##.....
#. #.)..##.# #.
####..#..


You could see a gnoll.

Vanquished Creatures
  2 gnolls (D:3)
  4 adders
  2 orcs (D:3)
  4 ball pythons
  6 bats
  An endoplasm (D:2)
  2 giant cockroaches
  4 goblins (D:2)
  4 hobgoblins
  2 quokkas
  A kobold (D:1)
  A rat (D:1)
33 creatures vanquished.

Vanquished Creatures (others)
  A gnoll (D:3)
  6 plants (D:3)
7 creatures vanquished.

Grand Total: 40 creatures vanquished

Notes
Turn   | Place    | Note
-------+----------+-------------------------------------------
     0 | D:1      | Reached skill level 10 in Evocations
     0 | D:1      | firemarshallily the Gnoll Wanderer began the quest for the
                  | Orb.
     0 | D:1      | firemarshallily set off with the following items: a +0
                  | short sword, a wand of charming (10), a +0 buckler, a +0
                  | robe
     0 | D:1      | Reached XP level 1. HP: 13/13 MP: 4/4
   264 | D:1      | Reached XP level 2. HP: 19/19 MP: 5/5
   748 | D:1      | Found a faded altar of an unknown god.
   753 | D:1      | Prayed at the altar of an unknown god.
   753 | D:1      | Became a worshipper of Dithmenos the Shadowed
   753 | D:1      | Reached * piety under Dithmenos
   955 | D:2      | Reached XP level 3. HP: 8/25 MP: 7/7
  1434 | D:2      | Reached skill level 1 in Invocations
  2109 | D:3      | Reached skill level 1 in Fighting
  2109 | D:3      | Reached skill level 1 in Long Blades
  2109 | D:3      | Reached skill level 1 in Axes
  2109 | D:3      | Reached skill level 1 in Maces & Flails
  2109 | D:3      | Reached skill level 1 in Polearms
  2109 | D:3      | Reached skill level 1 in Staves
  2109 | D:3      | Reached skill level 1 in Slings
  2109 | D:3      | Reached skill level 1 in Bows
  2109 | D:3      | Reached skill level 1 in Crossbows
  2109 | D:3      | Reached skill level 1 in Throwing
  2109 | D:3      | Reached skill level 1 in Dodging
  2109 | D:3      | Reached skill level 1 in Stealth
  2109 | D:3      | Reached skill level 1 in Unarmed Combat
  2157 | D:3      | Reached XP level 4. HP: 17/32 MP: 8/8
  2574 | D:3      | Reached skill level 1 in Conjurations
  2574 | D:3      | Reached skill level 1 in Hexes
  2574 | D:3      | Reached skill level 1 in Summonings
  2574 | D:3      | Reached skill level 1 in Necromancy
  2574 | D:3      | Reached skill level 1 in Translocations
  2574 | D:3      | Reached skill level 1 in Transmutations
  2574 | D:3      | Reached skill level 1 in Fire Magic
  2574 | D:3      | Reached skill level 1 in Ice Magic
  2574 | D:3      | Reached skill level 1 in Air Magic
  2574 | D:3      | Reached skill level 1 in Earth Magic
  2574 | D:3      | Reached skill level 1 in Poison Magic
  2587 | D:3      | Slain by a gnoll

Illustrated notes

Levels and vault maps discovered:
D:1:      wander_arrival_chamber, layout_loops_ring,
          shapermc_ecumenical_altar_mp_highgroup
D:2:      layout_loops_ring, serial_glass, glass_columns_b, glass_columns_c,
          minmay_misc_feat_x, moated_statue
D:3:      layout_rooms, serial_bayou_lake_a, uniq_crazy_yiuf_cottage

Skill      XL: |  1  2  3  4 |
---------------+-------------+-----
Evocations     | | 10.5
Invocations    | 1 |  1.3
Fighting       | 1 |  1.2
Long Blades    | 1 |  1.2
Axes           | 1 |  1.2
Maces & Flails | 1 |  1.2
Polearms       | 1 |  1.2
Staves         | 1 |  1.2
Slings         | 1 |  1.2
Bows           | 1 |  1.2
Crossbows      | 1 |  1.2
Throwing       | 1 |  1.2
Dodging        | 1 |  1.2
Stealth        | 1 |  1.2
Unarmed Combat | 1 |  1.2
Spellcasting   | 3 |  3.0
Conjurations   | 1 |  1.0
Hexes          | 1 |  1.0
Summonings     | 1 |  1.0
Necromancy     | 1 |  1.0
Translocations | 1 |  1.0
Transmutations | 1 |  1.0
Fire Magic     | 1 |  1.0
Ice Magic      | 1 |  1.0
Air Magic      | 1 |  1.0
Earth Magic    | 1 |  1.0
Poison Magic   | 1 |  1.0
Short Blades   | |  2.8
Armour         | |  2.8
Shields        | |  4.6

Action                   |  1- 3 |  4- 6 || total
-------------------------+-------+-------++-------
Melee: Short sword       |    24 |       ||    24
       Rapier            |    84 |    39 ||   123
       Bite              |     7 |     3 ||    10
Throw: Dart              |       |     1 ||     1
Evoke: Wand              |       |     1 ||     1
  Use: Potion            |       |     2 ||     2
 Stab: Sleeping          |     4 |       ||     4
Armor: Robe              |    19 |     1 ||    20
Dodge: Dodged            |    53 |    14 ||    67
Block: Buckler           |    22 |     5 ||    27
